 Dungeon Crawl Stone Soup version 0.31-a0-182-gc5ef74bbde (webtiles) character file.

Game seed: 556992828517308650

305 qw the Chopper (level 6, -1/38 HPs)
             Began as a Gargoyle Fighter on June 20, 2023.
             Slain by a gnoll
             ... wielding a +0 spear
              (6 damage)
             ... on level 4 of the Dungeon.
             The game lasted 00:01:36 (2568 turns).

qw the Chopper (Gargoyle Fighter)                   Turns: 2568, Time: 00:01:37

Health: -1/38      AC: 15    Str: 22    XL:     6   Next: 39%
Magic:  6/6        EV:  8    Int:  8    God:
Gold:   230        SH:  4    Dex:  9    Spells: 5/5 levels left

rFire   . . .        Y - +0 war axe
rCold   + . .        c - +0 buckler
rNeg    + . .        m - +0 chain mail
rPois   inf          f - +1 helmet
rElec   +            (no cloak)
rCorr   .            (no gloves)
SInv    .            (no boots)
Will    +....        (no amulet) Stlth
                     j - ring of willpower
HPRegen 0.26/turn    l - ring of protection from cold
MPRegen 0.10/turn

%: no passive effects
@: no status effects
A: sickness immunity, AC +4, negative energy resistance 1, electricity
resistance, torment resistance 1, petrification resistance
a: no special abilities


You were on level 4 of the Dungeon.
You visited 2 branches of the dungeon, and saw 5 of its levels.

You collected 230 gold pieces.


Innate Abilities, Weirdness & Mutations

You are immune to sickness and miasma.
Your stone body is resilient. (AC +4)
You are immune to poison.
You resist negative energy. (rN+)
You are resistant to electric shocks. (rElec)
You are resistant to unholy torment.
You are immune to petrification.


   Skills:
 - Level 4.3 Fighting
 + Level 5.5 Axes
 - Level 3.2 Armour
 - Level 3.2 Shields


You had 5 spell levels left.
You didn't know any spells.
Your spell library was empty.

Inventory:

Hand Weapons
 k - a +0 flail of protection
 Y - a +0 war axe (weapon)
Armour
 c - a +0 buckler (worn)
 f - a +1 helmet (worn)
 m - a +0 chain mail (worn)
Jewellery
 j - a ring of willpower (left hand)
 l - a ring of protection from cold (right hand)
Scrolls
 a - a scroll of identify
Potions
 d - 2 potions of might
 e - a potion of lignification
 h - 2 potions of curing
 i - a potion of attraction
 n - a potion of degeneration {unknown}

Dungeon Overview and Level Annotations

Branches:
Dungeon (4/15)             Temple (1/1) D:4

Altars:
Dithmenos
Gozag
Kikubaaqudgha
Qazlal
Ru
Sif Muna
Uskayaw
Vehumet

Annotations:
D:3 3 runed translucent doors, qw's ghost, amateur GrFi


Message History

You hit the gnoll but do no damage. The gnoll barely misses you.
The gnoll hits you but does no damage.
The gnoll hits you from afar with a +0 halberd!
You slash the gnoll!
You kill the gnoll!
You hit the gnoll but do no damage. The gnoll hits you but does no damage.
The gnoll closely misses you.
You hit the gnoll.
The gnoll is lightly wounded.
The gnoll barely misses you.
The gnoll hits you but does no damage. x2
The gnoll closely misses you.
You completely miss the gnoll.
The gnoll is lightly wounded.
The gnoll hits you but does no damage. The gnoll barely misses you.
You hit the gnoll.
The gnoll is moderately wounded.
You block the gnoll's attack. The gnoll hits you but does no damage.
You slash the gnoll!
You kill the gnoll!
You block the gnoll's attack. You block the gnoll's attack.
The gnoll closely misses you.
Things that are here:
a +0 club; a gnoll corpse You closely miss the gnoll.
The gnoll hits you with a +0 halberd. You block the gnoll's attack.
The gnoll hits you with a +0 halberd.
The gnoll hits you from afar with a +0 spear.
You hit the gnoll but do no damage. You block the gnoll's attack. x2
You barely miss the gnoll. The gnoll closely misses you.
The gnoll hits you but does no damage.
You slash the gnoll!
You kill the gnoll!
You block the gnoll's attack. The gnoll hits you but does no damage.
You see here a +0 halberd.
You slash the gnoll!
The gnoll is heavily wounded.
The gnoll barely misses you. The gnoll hits you with a +0 spear.
You die...

#.#...#
#....>......
#.#.#.#
###...#####.
#.#.#.# #...# #
#.#.#.# #...# #.
#...#.# #...# #.
#####.#
##...#####.
..#.#
#..........
#g#.#
#....%#####
#@#.# #.......#
#)#.# #.....#%#
#)..# #.....#.#
#####........#.#
........#.#
........#.#
###.....#.#
#.....#.# #.###


You could see a gnoll.

Vanquished Creatures
  2 scorpions (D:4)
  Terence (D:2)
  An orc wizard (D:3)
  3 gnolls (D:4)
  3 adders
  An ufetubus (D:4)
  A worm (D:3)
  A dart slug (D:1)
  2 orcs (D:3)
  5 endoplasms
  A giant cockroach (D:1)
  9 goblins
  10 hobgoblins
  3 jackals (D:1)
  5 quokkas
  7 ball pythons
  5 bats
  4 frilled lizards
  7 kobolds
  4 rats
75 creatures vanquished.

Notes
Turn   | Place    | Note
-------+----------+-------------------------------------------
     0 | D:1      | qw the Gargoyle Fighter began the quest for the Orb.
     0 | D:1      | Reached XP level 1. HP: 14/14 MP: 1/1
     0 | D:1      | 0 ||| qw: Version: 0.3-a-9-g12657ce
     0 | D:1      | 0 ||| qw: Game counter: 1340
     0 | D:1      | 0 ||| qw: Always use a shield: true
     0 | D:1      | 0 ||| qw: God list: Okawaru
     0 | D:1      | 0 ||| qw: Allow faded altars: false
     0 | D:1      | 0 ||| qw: Do Orc after D:15 true
     0 | D:1      | 0 ||| qw: Do second Lair branch before Depths: true
     0 | D:1      | 0 ||| qw: Lair rune preference: random
     0 | D:1      | 0 ||| qw: Plans: Normal, Zot:1-4, Slime:5, God:TSO, Crypt,
                  | Tomb, Abyss, Pan, Hells, Win
     0 | D:1      | 0 ||| PLANNING D:1-11
    41 | D:1      | Reached skill level 2 in Axes
   132 | D:1      | Reached XP level 2. HP: 14/19 MP: 2/2
   158 | D:1      | 158 ||| DROPPING +0 club.
   450 | D:1      | 450 ||| Stepping ~*~*~tactically~*~*~ (stealth).
   460 | D:1      | Reached skill level 3 in Axes
   462 | D:1      | 462 ||| Stepping ~*~*~tactically~*~*~ (stealth).
   474 | D:1      | Reached XP level 3. HP: 23/23 MP: 3/3
   506 | D:1      | 506 ||| Stepping ~*~*~tactically~*~*~ (stealth).
   870 | D:1      | 870 ||| READING scroll labelled ECIUDER PYSIP.
   871 | D:1      | 871 ||| READING scroll labelled VIALEQ FIUC BUJO.
   872 | D:1      | 872 ||| DRINKING 2 cyan potions.
  1125 | D:2      | Noticed Terence
  1137 | D:2      | Killed Terence
  1138 | D:2      | Reached skill level 4 in Axes
  1138 | D:2      | Reached XP level 4. HP: 18/28 MP: 4/4
  1178 | D:2      | 1178 ||| Stepping ~*~*~tactically~*~*~ (stealth).
  1347 | D:2      | 1347 ||| UPGRADING to ring of willpower.
  1348 | D:2      | 1348 ||| READING scroll labelled LOYKHEWN ROLINUOPT.
  1349 | D:2      | 1349 ||| READING scroll labelled ROLY MEZXEACWE.
  1350 | D:2      | 1350 ||| READING scroll labelled QAZAOQASAH.
  1351 | D:2      | 1351 ||| READING scroll labelled ERAET KUSADIUJ.
  1352 | D:2      | 1352 ||| READING 3 scrolls of identify.
  1352 | D:2      | 1352 ||| IDENTIFYING smoky sapphire potion
  1353 | D:2      | 1353 ||| READING 2 scrolls of identify.
  1353 | D:2      | 1353 ||| IDENTIFYING clear potion
  1386 | D:3      | Identified the +4 short sword of Bimut {freeze, Dex+4}
  1432 | D:3      | 1432 ||| DROPPING +0 flail.
  1493 | D:3      | HP: 6/28 [orc/+0 trident (4)]
  1655 | D:3      | Reached XP level 5. HP: 26/32 MP: 5/5
  1732 | D:3      | Found an ancient bone altar of Kikubaaqudgha.
  1922 | D:3      | Found a runed translucent gate.
  1922 | D:3      | Noticed qw's ghost (amateur GrFi)
  1923 | D:3      | Found a runed translucent gate.
  1923 | D:3      | Identified the +7 mace of Kiuxt {flame, rN++ Str-2}
  1923 | D:3      | Identified the +1 ring mail "Yli Nejo" {rC- rN++ Regen+}
  1924 | D:3      | Found a runed translucent gate.
  2094 | D:3      | 2094 ||| UPGRADING to +1 helmet.
  2099 | D:3      | 2099 ||| READING scroll labelled GONE ZISEEMMAPT.
  2194 | D:4      | Reached skill level 5 in Axes
  2260 | D:4      | Found a shadowy altar of Dithmenos.
  2311 | D:4      | Found a staircase to the Ecumenical Temple.
  2312 | D:4      | 2312 ||| PLANNING TEMPLE
  2312 | D:4      | 2312 ||| UPGRADING to +0 chain mail.
  2322 | D:4      | 2322 ||| DROPPING +0 scale mail.
  2323 | D:4      | 2323 ||| UPGRADING to ring of protection from cold.
  2324 | D:4      | 2324 ||| READING scroll labelled RINUTEZXUL.
  2333 | Temple   | Entered the Ecumenical Temple
  2347 | Temple   | 2347 ||| PLANNING D:1-11
  2378 | D:4      | Reached XP level 6. HP: 32/38 MP: 6/6
  2493 | D:4      | 2493 ||| Stepping ~*~*~tactically~*~*~ (stealth).
  2563 | D:4      | HP: 9/38 [gnoll/+0 halberd (3)]
  2563 | D:4      | HP: 4/38 [gnoll/+0 spear (5)]
  2568 | D:4      | Slain by a gnoll

Levels and vault maps discovered:
D:1:      scummos_arrival_gate, layout_loops_ring
D:2:      layout_rooms, uniq_terence
D:3:      layout_basic, mainiacjoe_overflow_alcove_4,
          biasface_ghost_orc_armoury, dk_noncrumbling_3
D:4:      layout_basic, lemuel_doored_altar, nicolae_overflow_hidden_temple,
          minmay_temple_entry_grid, roderic_serpentine_path, minmay_ruptured
Temple:   nicolae_temple_stand_before_the_council

Skill      XL: |  1  2  3  4  5 |
---------------+----------------+-----
Axes           | 2 3 4 5 |  5.5
Fighting       | 4 |  4.3
Armour         | |  3.2
Shields        | |  3.2

Action                     |  1- 3 |  4- 6 || total
---------------------------+-------+-------++-------
  Melee: War axe           |   136 |   126 ||   262
    Use: Scroll            |     2 |     8 ||    10
         Potion            |     1 |       ||     1
 Armour: Scale mail        |    79 |    52 ||   131
         Chain mail        |       |    20 ||    20
  Dodge: Dodged            |    49 |    53 ||   102
  Block: Buckler           |    26 |    28 ||    54

Table legend:
 A = Non-vault XP
 B = Vault XP
 C = Vault XP percentage of total XP
 D = Non-vault monster count
 E = Vault monster count
 F = Vault count percentage of total count
                 A         B        C        D         E       F
            +---------+---------+-------+---------+---------+-------
      Total |     395 |      42 |   9.6 |      71 |       4 |   5.3
            +---------+---------+-------+---------+---------+-------
        D:1 |      48 |       0 |   0.0 |      29 |       0 |   0.0
        D:2 |      28 |      36 |  56.2 |      17 |       1 |   5.6
        D:3 |      86 |       0 |   0.0 |      15 |       0 |   0.0
        D:4 |     233 |       6 |   2.5 |      10 |       3 |  23.1
            +---------+---------+-------+---------+---------+-------
